 Dungeon Crawl Stone Soup version 0.31-a0-263-ge8cad7f256 (webtiles) character file.

Game seed: 5649205917290588177

53 qw the Shooter (level 3, -10/29 HPs)
             Began as a Minotaur Hexslinger on July 13, 2023.
             Killed by nerve-wracking pain
             ... invoked by an orc priest
              (13 damage)
             ... on level 2 of the Dungeon.
             The game lasted 00:00:20 (928 turns).

qw the Shooter (Minotaur Hexslinger)                 Turns: 928, Time: 00:00:21

Health: -10/29     AC:  6    Str: 12    XL:     3   Next: 64%
Magic:  3/3        EV: 11    Int: 10    God:
Gold:   95         SH:  0    Dex: 14    Spells: 3/4 levels left

rFire   . . .        Y - +1 sling
rCold   . . .        (no shield)
rNeg    . . .        i - +0 ring mail
rPois   .            (helmet restricted)
rElec   .            (no cloak)
rCorr   .            (no gloves)
SInv    .            h - +0 pair of boots
Will    .....        (no amulet)
Stlth   +            (no ring)
HPRegen 0.24/turn    (no ring)
MPRegen 0.08/turn

%: no passive effects
@: about to teleport
A: horns 2, retaliatory headbutt
a: no special abilities


You were on level 2 of the Dungeon.
You visited 1 branch of the dungeon, and saw 2 of its levels.

You collected 95 gold pieces.


Innate Abilities, Weirdness & Mutations

You have a pair of horns on your head.
You reflexively headbutt those who attack you in melee.


   Skills:
 - Level 2.0 Fighting
 - Level 4.1 Ranged Weapons
 + Level 0.4 Armour
 - Level 2.1 Dodging
 - Level 1.0 Spellcasting
 - Level 2.0 Hexes


You had 3 spell levels left.
You knew the following spells:

 Your Spells              Type           Power      Damage    Failure   Level
a - Slow                  Hex            16%        N/A       34%         1

Your spell library contained the following spells:

 Spells                   Type           Power      Damage    Failure   Level
 Inner Flame              Hex/Fire       2%         N/A       83%         3
 Portal Projectile        Hex/Tloc       4%         N/A       83%         3
 Cause Fear               Hex            2%         N/A       98%         4

Inventory:

Hand Weapons
 Y - a +1 sling (weapon)
Armour
 h - a +0 pair of boots (worn)
 i - a +0 ring mail (worn)
Potions
 b - a potion of might {unknown}
 c - a potion of attraction {unknown}
 e - a potion of curing
 f - a potion of berserk rage {unknown}
 j - a potion of lignification {unknown}
 k - a potion of haste {unknown}

Dungeon Overview and Level Annotations

Branches:
Dungeon (2/15)

Altars:

Shops:
D:1 [


Message History

The orc wizard is almost dead.
The orc hits you but does no damage. The orc wizard completely misses you.
You furiously retaliate!
You headbutt the orc wizard.
You kill the orc wizard!
Your Ranged Weapons skill increases to level 4!
You have reached level 3!
Your experience leads to an increase in your attributes!
Increase (S)trength, (I)ntelligence, or (D)exterity?
You feel agile. x2
You shoot a sling bullet. The sling bullet hits the endoplasm.
The endoplasm is heavily wounded.
The endoplasm hits you but does no damage.
The orc hits you but does no damage.
You shoot a sling bullet.
The sling bullet completely misses the endoplasm.
The endoplasm freezes you.
You are frozen.
The orc closely misses you. You furiously retaliate!
You headbutt the orc. The orc hits you with a +0 dagger.
The endoplasm barely misses you.
You shoot a sling bullet. The sling bullet hits the orc.
The orc is severely wounded.
The endoplasm hits you. The orc barely misses you.
You shoot a sling bullet. The sling bullet hits the orc.
You kill the orc!
The endoplasm freezes you.
You are frozen.
You shoot a sling bullet. The sling bullet hits the endoplasm.
You kill the endoplasm!
You shoot a sling bullet.
The sling bullet hits the orc priest but does no damage.
The orc priest hits you with a +0 mace. The orc priest barely misses you.
You shoot a sling bullet. The sling bullet hits the orc priest.
The orc priest is moderately wounded.
The orc priest hits you with a +0 mace.
928 ||| READING scroll of teleportation.
As you read the scroll of teleportation, it crumbles to dust.
You feel strangely unstable.
The orc priest calls down the wrath of Beogh upon you.
Pain shoots through your body!
You die...

#.# #.# #.# #.# # #.#
###'###### .. #.#
#......... ...
#.####......... ....
####.#............ .....
+......%..........
......####.#.##.........
#)@...#.###########
#o##### # .). #.##. ..
#. >. .. . #. #.


You could see an orc priest.

Vanquished Creatures
  An orc wizard (D:2)
  3 orcs (D:2)
  2 ball pythons (D:1)
  2 endoplasms (D:2)
  4 goblins (D:1)
  4 hobgoblins
  A kobold (D:1)
  2 quokkas
  2 bats (D:1)
  2 frilled lizards (D:1)
  A rat (D:1)
24 creatures vanquished.

Notes
Turn   | Place    | Note
-------+----------+-------------------------------------------
     0 | D:1      | qw the Minotaur Hexslinger began the quest for the Orb.
     0 | D:1      | Reached XP level 1. HP: 16/16 MP: 1/1
     0 | D:1      | 0 ||| qw: Version: 0.3-a-52-g30416fa
     0 | D:1      | 0 ||| qw: Game counter: 7339
     0 | D:1      | 0 ||| qw: Melee chars always use a shield: true
     0 | D:1      | 0 ||| qw: God list: Okawaru
     0 | D:1      | 0 ||| qw: Allow faded altars: false
     0 | D:1      | 0 ||| qw: Do Orc after clearing Dungeon:15 true
     0 | D:1      | 0 ||| qw: Do second Lair branch before Depths: true
     0 | D:1      | 0 ||| qw: Lair rune preference: random
     0 | D:1      | 0 ||| qw: Goals: Normal
     0 | D:1      | 0 ||| PLANNING D:1-11
   247 | D:1      | Reached skill level 3 in Ranged Weapons
   288 | D:1      | Reached XP level 2. HP: 23/23 MP: 2/2
   396 | D:1      | Found Mowoco's Antique Armour Shop.
   402 | D:1      | 402 ||| SHOPLISTING glowing ring mail (161 gold, have 35).
   402 | D:1      | 402 ||| SHOPLISTING leather armour (46 gold, have 35).
   677 | D:1      | 677 ||| UPGRADING to +0 pair of boots.
   682 | D:1      | 682 ||| UPGRADING to +0 ring mail.
   692 | D:1      | 692 ||| DROPPING +0 robe.
   693 | D:1      | 693 ||| READING 2 scrolls labelled VOVYCIN CAFAR.
   697 | D:1      | 697 ||| READING scroll labelled BUESARPH DUMPI.
   743 | D:1      | 743 ||| DRINKING 2 black potions.
   744 | D:1      | 744 ||| DROPPING scroll of poison.
   921 | D:2      | Reached skill level 4 in Ranged Weapons
   921 | D:2      | Reached XP level 3. HP: 18/29 MP: 3/3
   927 | D:2      | HP: 3/29 [orc priest/+0 mace (5)]
   928 | D:2      | 928 ||| READING scroll of teleportation.
   928 | D:2      | Killed from afar by an orc priest

Levels and vault maps discovered:
D:1:      tarquinn_simple_flora_water_a, layout_basic, serial_shops, shop
D:2:      layout_basic, minmay_goblin_outpost

Skill      XL: |  1  2 |
---------------+-------+-----
Ranged Weapons | 3 4 |  4.1
Fighting       | 2 |  2.0
Armour         | |  0.4
Dodging        | |  2.1
Spellcasting   | |  1.0
Hexes          | |  2.0

Action                     || total
---------------------------++-------
   Fire: Sling             ||    68
    Use: Scroll            ||     3
         Potion            ||     1
 Armour: Robe              ||     5
         Ring mail         ||     8
  Dodge: Dodged            ||    16

Table legend:
 A = Non-vault XP
 B = Vault XP
 C = Vault XP percentage of total XP
 D = Non-vault monster count
 E = Vault monster count
 F = Vault count percentage of total count
                 A         B        C        D         E       F
            +---------+---------+-------+---------+---------+-------
      Total |      77 |       0 |   0.0 |      24 |       0 |   0.0
            +---------+---------+-------+---------+---------+-------
        D:1 |      25 |       0 |   0.0 |      16 |       0 |   0.0
        D:2 |      52 |       0 |   0.0 |       8 |       0 |   0.0
            +---------+---------+-------+---------+---------+-------
